 Dungeon Crawl Stone Soup version 0.30.1-9-gdf580d7c3d (webtiles) character file.

Game seed: 3732504839276627548

99 jagang the Ducker (level 4, 0/23 HPs)
             Began as a Spriggan Gladiator on Sept 29, 2023.
             Slain by a goblin
             ... wielding a +0 dagger
             ... led by Robin
              (2 damage)
             ... on level 3 of the Dungeon.
             The game lasted 00:04:37 (1118 turns).

jagang the Ducker (Spriggan Gladiator)              Turns: 1118, Time: 00:04:37

Health: 0/23       AC:  2    Str: 10    XL:     4   Next: 45%
Magic:  5/5        EV: 25    Int:  9    God:
Gold:   149        SH:  0    Dex: 18    Spells: 3/3 levels left

rFire   . . .        a - +0 long sword
rCold   . . .        (no shield)
rNeg    . . .        b - +0 robe
rPois   +            c - +0 hat
rElec   .            (no cloak)
rCorr   .            (gloves unavailable)
SInv    +            (boots unavailable)
Will    .....        (no amulet)
Stlth   ++           k - +5 ring of evasion
HPRegen 0.23/turn    p - ring of poison resistance
MPRegen 0.09/turn

%: no passive effects
@: very quick
A: very small, no large weapons, unfitting armour, see invisible, speed 3
a: no special abilities


You were on level 3 of the Dungeon.
You visited 1 branch of the dungeon, and saw 3 of its levels.

You collected 149 gold pieces.

Inventory:

Hand Weapons
 a - a +0 long sword (weapon)
Missiles
 d - 3 throwing nets (quivered)
 e - 8 boomerangs
 i - 4 poisoned darts
Armour
 b - a +0 robe (worn)
 c - a +0 hat (worn)
 s - a +0 cloak
Jewellery
 k - a +5 ring of evasion (left hand)
 p - a ring of poison resistance (right hand)
Scrolls
 f - a scroll of torment {unknown}
 g - a scroll of acquirement {unknown}
 h - a scroll of poison {unknown}
 j - 2 scrolls of identify {unknown}
 m - a scroll of enchant armour {unknown}
 n - 2 scrolls of teleportation {unknown}
 o - a scroll of magic mapping {unknown}
Potions
 l - a potion of haste {unknown}
 r - a potion of curing {unknown}


   Skills:
 + Level 2.1 Fighting
 * Level 3.2 Long Blades
 - Level 2.0 Throwing
 - Level 1.0 Armour
 * Level 5.2 Dodging


You had 3 spell levels left.
You didn't know any spells.
Your spell library contained the following spells:

 Spells                   Type           Power      Damage    Failure   Level
 Vhi's Electric Charge    Tloc/Air       0%         N/A       77%         3
 Arcjolt                  Conj/Air       0%         1d10      100%        5
 Maxwell's Capacitive Co  Air            0%         ∞         100%        8


Dungeon Overview and Level Annotations

Branches:
Dungeon (3/15)

Altars:

Annotations:
D:3 Robin


Innate Abilities, Weirdness & Mutations

You are very small and have problems with some larger weapons.
You are too small for most types of armour.
You have supernaturally acute eyesight. (SInv)
You cover ground extremely quickly. (Speed+++)


Message History

The goblin hits you with a +0 dagger. The adder closely misses you.
The goblin hits you with a +0 club. The goblin hits you with a +0 dagger.
The adder misses you.
You closely miss the adder.
The adder is moderately wounded.
The goblin closely misses you. The adder misses you.
The goblin hits you with a +0 dagger.
* * * LOW HITPOINT WARNING * * *
You closely miss the adder.
The adder is moderately wounded.
The adder closely misses you. The goblin closely misses you.
Robin roars a battlecry!
The goblin goes into a battle-frenzy!
The goblin completely misses you. The adder completely misses you.
The goblin completely misses you.
You closely miss the adder.
The adder is moderately wounded.
The goblin no longer looks unusually strong.
The goblin completely misses you. The adder closely misses you.
The goblin completely misses you.
Robin roars a battlecry!
The goblin goes into a battle-frenzy!
The goblin closely misses you.
You hit the adder.
The adder is moderately wounded.
The adder misses you. The goblin hits you with a +0 club.
* * * LOW HITPOINT WARNING * * *
The adder closely misses you. The goblin completely misses you.
You slash the adder!
You kill the adder!
The goblin no longer looks unusually strong.
The goblin completely misses you. The goblin closely misses you.
You hit Robin but do no damage. The goblin closely misses you.
The goblin misses you.
Robin zaps a wand.
You easily resist.
The goblin misses you.
You hit Robin.
Robin is moderately wounded.
The hobgoblin no longer looks unusually strong.
The goblin hits you with a +0 dagger.
You die...

..#... . ###
.#.. . ....###
..# .###
#>...##.##
#...#
#.<...###..#
#.........#
......##...?.##
..#### ###g...#
#@g##..... #g##
..##


Jg# .# #J## .. #g . .. ... .#. You could see Robin, 2 endoplasms, a hobgoblin
and 3 goblins.

Vanquished Creatures
  Natasha (twice) (D:2)
  An adder (D:3)
  2 dart slugs
  An endoplasm (D:2)
  3 giant cockroaches
  5 hobgoblins
  A jackal (D:2)
  A quokka (D:2)
  5 ball pythons
  4 bats
  A frilled lizard (D:2)
  9 goblins
  A kobold (D:2)
  A rat (D:1)
37 creatures vanquished.

Notes
Turn   | Place    | Note
-------+----------+-------------------------------------------
     0 | D:1      | jagang the Spriggan Gladiator began the quest for the Orb.
     0 | D:1      | Reached XP level 1. HP: 10/10 MP: 2/2
   121 | D:1      | Found a faded altar of an unknown god.
   511 | D:2      | Reached XP level 2. HP: 14/15 MP: 3/3
   771 | D:2      | You fall into a shaft and drop 1 floor!
   816 | D:2      | Noticed Natasha
   829 | D:2      | Killed Natasha
   830 | D:2      | Reached XP level 3. HP: 6/18 MP: 4/4
   892 | D:2      | Noticed Natasha
   902 | D:2      | Killed Natasha
   903 | D:2      | Reached skill level 5 in Dodging
   903 | D:2      | Reached XP level 4. HP: 22/23 MP: 5/5
   910 | D:2      | Reached skill level 1 in Armour
  1084 | D:3      | Noticed Robin
  1115 | D:3      | HP: 1/23 [goblin/+0 club (6)]
  1118 | D:3      | Slain by a goblin

Illustrated notes

Levels and vault maps discovered:
D:1:      amcnicky_arrival_single_pillar, layout_rooms,
          hellmonk_ecumenical_altar_zigzags
D:2:      layout_basic, minmay_tromino_v7, uniq_natasha
D:3:      layout_rooms, nrook_uturn, st_stairs_2, nicolae_shop_vocational,
          uniq_pargi, uniq_robin

Skill      XL: |  1  2  3  4 |
---------------+-------------+-----
Fighting       | 2 |  2.1
Long Blades    | 3 |  3.2
Dodging        | 5 |  5.2
Armour         | 1 |  1.0
Throwing       | |  2.0

Action                     |  1- 3 |  4- 6 || total
---------------------------+-------+-------++-------
  Melee: Long sword        |    70 |    39 ||   109
    Use: Potion            |       |     1 ||     1
   Stab: Distracted        |     1 |       ||     1
 Armour: Robe              |     3 |     8 ||    11
  Dodge: Dodged            |    92 |    74 ||   166
